 Dungeon Crawl Stone Soup version 0.21.1-74-g47da9253eb (webtiles) character file.

962 Lavandula the Cleaver (level 7, -1/57 HPs)
             Began as a Centaur Berserker on Aug 9, 2018.
             Was an Elder of Trog.
             Slain by Pikel
             ... wielding a +1 whip of electrocution
              (18 damage)
             ... on level 4 of the Dungeon.
             The game lasted 00:12:38 (1905 turns).

Lavandula the Cleaver (Centaur Berserker)           Turns: 1905, Time: 00:12:39

Health: -1/57      AC:  9    Str: 21    XL:     7   Next: 92%
Magic:  7/7        EV:  9    Int:  6    God:    Trog [****..]
Gold:   244        SH:  0    Dex:  9    Spells: 6/6 levels left

rFire    . . .     SeeInvis .   a - +0 hand axe
rCold    . . .     Gourm    .   (no shield)
rNeg     . . .     Faith    .   w - +2 robe {MR+}
rPois    .         Spirit   .   (no helmet)
rElec    .         Reflect  .   j - +2 cloak
rCorr    .         Harm     .   (no gloves)
MR       +....                  (no barding)
Stlth    +.........             (no amulet)
HPRegen  0.19/turn              (no ring)
MPRegen  0.10/turn              (no ring)

@: berserk cooldown, slowed
A: large, hooves 3, deformed body, speed 2, tough skin 3
a: Berserk, Trog's Hand, Brothers in Arms, Burn Spellbooks, Renounce Religion


You were on level 4 of the Dungeon.
You worshipped Trog.
Trog was greatly pleased with you.
You were not hungry.

You visited 1 branch of the dungeon, and saw 5 of its levels.

You collected 244 gold pieces.

Inventory:

Hand Weapons
 a - a +0 hand axe (weapon)
 m - a +1 flail of crushing
 u - a +0 broad axe
Armour
 b - a +0 animal skin
 d - a +0 ring mail
 j - a +2 cloak (worn)
 n - a +0 scale mail
 r - a +1 scale mail of fire resistance
 w - a +2 robe of magic resistance (worn)
Wands
 v - a wand of flame (29)
Scrolls
 k - a scroll of identify {unknown}
 l - a scroll of fog {unknown}
 o - a scroll of remove curse {unknown}
 p - a scroll of amnesia {unknown}
 q - a scroll of fear {unknown}
 s - a scroll of blinking {unknown}
 t - a scroll of immolation {unknown}
Potions
 e - 3 potions of haste {unknown}
 f - 3 potions of heal wounds {unknown}
 g - 2 potions of brilliance {unknown}
 h - a potion of curing {unknown}
 i - a potion of berserk rage {unknown}
Comestibles
 c - 5 rations


   Skills:
 - Level 3.0 Fighting
 + Level 8.8 Axes
 - Level 1.3 Armour
 - Level 1.3 Dodging


You had 6 spell levels left.
You didn't know any spells.

Dungeon Overview and Level Annotations

Branches:
Dungeon (5/15)
 Temple: D:4-7

Altars:
Ashenzari
Gozag
Vehumet
The Shining One

Annotations:
D:4 Pikel


Innate Abilities, Weirdness & Mutations

You have hooves in place of feet.
Armour fits poorly on your strangely shaped body.
You cover ground very quickly.
You have extremely tough skin. (AC +3)


Message History

You feel yourself slow down. The slave hits you. The slave closely misses you.
You barely miss Pikel.
Pikel is almost dead.
You hit the slave but do no damage. You barely miss the slave.
You barely miss the orc. You hit the slave but do no damage.
The slave closely misses you. Pikel hits you but does no damage.
The slave hits you but does no damage. x2; The orc barely misses you.
The slave closely misses you.
Pikel hits you with a whip of electrocution.
You are electrocuted!
Unknown command.
You hit Pikel. Your kick misses Pikel.
Pikel is almost dead.
You barely miss the slave. You hit the orc. You hit the slave but do no damage.
You hit the slave. The slave hits you but does no damage.
The slave barely misses you. The slave hits you. The orc closely misses you.
Pikel hits you with a whip of electrocution.
* * * LOW HITPOINT WARNING * * *
You are electrocuted!
You die...

.....................#
..................#####
...............####
...............#
...............#
...............#
............)......#
.../.......po.†.....#
...........Sp@.......#
.............Kp.......#
......................#
........$...............
.........................
.........................
.......................
.....................#
.......>p.........


You could see Pikel, 3 slaves, an adder and an orc.

Vanquished Creatures
  Edmund (D:4)
  A phantom (D:2)
  A slave (D:4)
  An ogre (D:4)
  Blork the orc (D:4)
  A scorpion (D:4)
  2 howler monkeys (D:4)
  4 orc wizards
  3 orc priests
  2 hounds (D:4)
  A bullfrog skeleton (D:3)
  An iguana (D:4)
  Natasha (D:3)
  2 adders
  5 oozes
  An adder skeleton (D:4)
  3 worms
  2 dart slugs
  A leopard gecko (D:2)
  17 orcs
  4 giant cockroaches
  7 goblins
  9 hobgoblins
  4 jackals (D:4)
  A quokka (D:4)
  7 bats
  4 frilled lizards
  6 kobolds
  4 rats
97 creatures vanquished.

Notes
Turn   | Place    | Note
-------+----------+-------------------------------------------
     0 | D:1      | Lavandula the Centaur Berserker began the quest for the Orb.
     0 | D:1      | Reached XP level 1. HP: 19/19 MP: 1/1
    17 | D:1      | Reached skill level 3 in Axes
   110 | D:1      | Reached XP level 2. HP: 26/26 MP: 2/2
   176 | D:2      | Reached skill level 4 in Axes
   176 | D:2      | Reached XP level 3. HP: 24/31 MP: 3/3
   187 | D:2      | Reached ** piety under Trog
   311 | D:2      | Found a shattered altar of Ashenzari.
   311 | D:2      | Noticed a phantom
   344 | D:2      | Reached XP level 4. HP: 13/38 MP: 4/4
   366 | D:2      | Killed a phantom
   366 | D:2      | Reached skill level 5 in Axes
   366 | D:2      | Reached XP level 5. HP: 11/45 MP: 5/5
   399 | D:2      | Found a glowing golden altar of the Shining One.
   744 | D:3      | Found an opulent altar of Gozag.
   800 | D:3      | Reached skill level 6 in Axes
   859 | D:3      | Reached XP level 6. HP: 31/51 MP: 6/6
   900 | D:3      | Reached *** piety under Trog
  1164 | D:3      | Noticed Natasha
  1170 | D:3      | Killed Natasha
  1357 | D:4      | Noticed Edmund
  1370 | D:4      | Killed Edmund
  1370 | D:4      | Reached skill level 7 in Axes
  1370 | D:4      | Reached XP level 7. HP: 57/57 MP: 7/7
  1625 | D:4      | Found a radiant altar of Vehumet.
  1686 | D:4      | Reached skill level 8 in Axes
  1823 | D:4      | Noticed Blork the orc
  1829 | D:4      | Killed Blork the orc
  1854 | D:5      | Entered Level 5 of the Dungeon
  1892 | D:4      | Noticed Pikel
  1892 | D:4      | Reached **** piety under Trog
  1905 | D:4      | Slain by Pikel

Skill      XL: |  1  2  3  4  5  6  7 |
---------------+----------------------+-----
Axes           | 3 4 5 6 7 8 |  8.8
Fighting       | |  3.0
Armour         | |  1.3
Dodging        | |  1.3

Action                   |  1- 3 |  4- 6 |  7- 9 || total
-------------------------+-------+-------+-------++-------
Melee: Hand axe          |    61 |   124 |    35 ||   220
       Kick              |    12 |    37 |    16 ||    65
       Flail             |       |       |    20 ||    20
Invok: Berserk           |     2 |     3 |     4 ||     9
 Stab: Distracted        |       |     1 |       ||     1
  Eat: Chunk             |       |     5 |     3 ||     8
       Ration            |       |       |     1 ||     1
Armor: Ring mail         |    29 |    47 |       ||    76
       Animal skin       |     1 |       |       ||     1
       Scale mail        |       |       |    19 ||    19
       Robe              |       |       |     9 ||     9
Dodge: Dodged            |    32 |    48 |    22 ||   102
